 Dungeon Sprint DCSS version 0.27.1-33-g824d729ab1 (webtiles) character file.

Game seed: 5474803607026687790

12793 Adenis the Severer (level 11, -1/181 HPs)
             Began as a Minotaur Berserker on Dec 6, 2021.
             Was the Champion of Trog.
             Slain by a 15-headed hydra (2 damage)
             ... while paralysed by a floating eye
             ... in the Dungeon (Sprint I: "Red Sonja").
             The game lasted 00:11:03 (4482 turns).

Adenis the Severer (Minotaur Berserker)             Turns: 4482, Time: 00:11:04

Health: -1/181     AC: 13    Str: 25    XL:     11   Next: 67%
Magic:  8/8        EV:  2    Int:  2    God:    Trog [******]
Gold:   954        SH:  0    Dex: 15    Spells: 10/10 levels left

rFire    + + .     SeeInvis +   w - +14 obsidian axe {vorpal, Mesm Drain Fly SInv}
rCold    . . .     Faith    .   (no shield)
rNeg     . . .     Spirit   .   j - +1 scale mail {rF+}
rPois    +         Reflect  +   (helmet restricted)
rElec    .         Harm     .   (no cloak)
rCorr    .         Rampage  .   n - +2 pair of gloves
Will     +....     NoTele   +   m - +0 pair of boots
Stlth    ..........             k - amulet of reflection
HPRegen  0.00/turn              t - ring of Butiurgh {rPois rF+ Will+ Dex+5 Slay-2}
MPRegen  0.11/turn              (no ring)

@: paralysed, berserking, unable to read, flying, mesmerised, inhibited regen
A: horns 2, retaliatory headbutt, deformed body, deterioration 1, dopey 1, low
mp 1, inhibited regeneration, no potion heal 2, subdued magic 1, inability to
read while threatened
a: Renounce Religion, Berserk, Trog's Hand, Brothers in Arms


You were in the Dungeon.
You worshipped Trog.
Trog was exalted by your worship.
You visited 1 branch You collected 1934 gold pieces.
You spent 980 gold pieces at shops.

Inventory:

Hand Weapons
 a - a +0 hand axe
 l - a +5 antimagic war axe
 p - a +8 executioner's axe
 w - the +14 obsidian axe (weapon) {vorpal, Mesm Drain Fly SInv}
   (Trog gifted it to you in the Dungeon)

   It inflicts extra damage upon your enemies.
   It occasionally summons demons to assist the wielder when it strikes in
   combat.
   Its wielder is mesmerised by any visible foes.
   It cannot be unequipped while any foes are visible.
   SInv:      It lets you see invisible.
   Fly:       It grants you flight.
   Drain:     It drains your maximum health when unequipped.
 x - a +2 broad axe
Armour
 b - a +0 animal skin
 j - a +1 scale mail of fire resistance (worn)
 m - a +0 pair of boots (worn)
 n - a +2 pair of gloves (worn)
Jewellery
 k - an amulet of reflection (around neck)
 t - the ring of Butiurgh (left hand) {rPois rF+ Will+ Dex+5 Slay-2}
   (You bought it in a shop in the Dungeon)

   [ring of willpower]

   Dex:       It affects your dexterity (+5).
   Slay:      It affects your accuracy & damage with ranged weapons and melee
   (-2).
   rF:        It protects you from fire.
   rPois:     It protects you from poison.
   Will:      It increases your willpower.
Wands
 i - a wand of flame (29)
Scrolls
 h - 2 scrolls of blinking
 q - a scroll of holy word
Potions
 c - 4 potions of curing
 d - 4 potions of heal wounds
 e - a potion of haste
 f - 2 potions of magic
 g - a potion of berserk rage
 o - a potion of flight {unknown}
 u - a potion of invisibility
 v - a potion of attraction {unknown}
Miscellaneous
 r - a piece from Xom's chessboard (15/15)
 s - a phantom mirror


   Skills:
 + Level 18.6 Fighting
 + Level 20.9 Axes
 + Level 13.8 Armour
 + Level 10.2 Dodging
 + Level 2.7 Stealth
 + Level 4.8 Shields


You had 10 spell levels left.
You didn't know any spells.
Your spell library was empty.

Dungeon Overview and Level Annotations

Branches:
Dungeon (1/1)

Altars:
Cheibriados
Dithmenos
Elyvilon
Fedhas
Gozag
Hepliaklqana
Kikubaaqudgha
Makhleb
Nemelex Xobeh
Okawaru
Qazlal
Ru
Sif Muna
Trog
Uskayaw
Vehumet
Wu Jian
Xom
Yredelemnul
Zin
The Shining One
Jiyva
Lugonu

Shops:
D !*=!:?(!?*:[!*:*!=![=


Innate Abilities, Weirdness & Mutations

You have a pair of horns on your head.
You reflexively headbutt those who attack you in melee.
Armour fits poorly on your strangely shaped body.
Your body sometimes deteriorates upon taking damage.
You are dopey. (Int -2)
Your magical capacity is low. (-10% MP)
You do not regenerate when monsters are visible.
Potions cannot restore your health.
Your spells are a little easier to cast, but a little less powerful.
You sometimes lose the ability to read scrolls when taking damage.


Message History

The 15-headed hydra bites you. x5
The 15-headed hydra bites you but does no damage. x3
The 15-headed hydra bites you! The 15-headed hydra bites you.
The 15-headed hydra bites you! x2
You feel threatened and lose the ability to read scrolls!
The 15-headed hydra bites you but does no damage.
The 15-headed hydra barely misses you.
The 15-headed hydra bites you but does no damage.
The floating eye seems to glare at you. The 15-headed hydra bites you!
The 15-headed hydra bites you. x4
* * * LOW HITPOINT WARNING * * *
The 15-headed hydra bites you.
* * * LOW HITPOINT WARNING * * *
The 15-headed hydra bites you but does no damage.
The 15-headed hydra bites you.
* * * LOW HITPOINT WARNING * * *
The 15-headed hydra bites you but does no damage.
The 15-headed hydra bites you!
* * * LOW HITPOINT WARNING * * *
The 15-headed hydra bites you!
* * * LOW HITPOINT WARNING * * *
The 15-headed hydra bites you.
* * * LOW HITPOINT WARNING * * *
The 15-headed hydra bites you but does no damage.
The 15-headed hydra bites you.
* * * LOW HITPOINT WARNING * * *
The 15-headed hydra bites you.
* * * LOW HITPOINT WARNING * * *
The floating eye gazes piercingly through you!
You shrug off the repeated paralysis!
The 15-headed hydra bites you!
* * * LOW HITPOINT WARNING * * *
The 15-headed hydra barely misses you.
The 15-headed hydra bites you but does no damage. x2
The 15-headed hydra bites you.
* * * LOW HITPOINT WARNING * * *
The 15-headed hydra bites you.
* * * LOW HITPOINT WARNING * * *
The 15-headed hydra bites you.
You die...

#####################
).#..#§§§.§§§§§§@DG$#
..##'#.####.§§§§##$.+
..'.§#§# ##§§§## ##
###.§§.# ###+#
.##+#### #.# .#..°.°#
#.. .#.°°.°+ ##.
'###.°°# .# .'.#°°°#
##


You could see a 15-headed hydra (mesmerising) and a floating eye.

Vanquished Creatures
  2 centaur warriors (D)
  Sonja (D)
  A deep troll (D)
  A lindwurm (D)
  An oklob plant (D)
  8 shining eyes (D)
  A gargoyle (D)
  2 unseen horrors (D)
  4 demonic crawlers (D)
  2 kobold demonologists (D)
  A hornet (D)
  A slime creature (D)
  2 redbacks (D)
  Sigmund (D)
  A yak (D)
  13 hogs (D)
  6 floating eyes (D)
  An ogre (D)
  7 necrophages (D)
  8 jellies (D)
  Ijyb (D)
65 creatures vanquished.

Vanquished Creatures (others)
  the Lernaean hydra (D)
  A deep elf master archer (D)
  2 merfolk sirens (D)
  A gargoyle (D)
  4 hornets (D)
  2 ballistomycete spores (D)
11 creatures vanquished.

Grand Total: 76 creatures vanquished

Notes
Turn   | Place    | Note
-------+----------+-------------------------------------------
     0 | D        | Adenis the Minotaur Berserker began the quest for the Orb.
     0 | D        | Reached XP level 1. HP: 19/19 MP: 0/0
     2 | D        | Noticed Ijyb
    13 | D        | Killed Ijyb
    14 | D        | Reached skill level 5 in Fighting
    14 | D        | Reached skill level 5 in Axes
    14 | D        | Reached XP level 2. HP: 21/29 MP: 1/1
   260 | D        | Noticed an ogre
   264 | D        | Killed an ogre
   265 | D        | Reached skill level 7 in Axes
   265 | D        | Reached XP level 3. HP: 40/40 MP: 2/2
   265 | D        | Reached XP level 4. HP: 48/48 MP: 3/3
   323 | D        | Noticed Sigmund
   330 | D        | Killed Sigmund
   330 | D        | Reached ** piety under Trog
   331 | D        | Reached skill level 10 in Axes
   331 | D        | Reached skill level 5 in Armour
   331 | D        | Reached skill level 5 in Dodging
   331 | D        | Reached XP level 5. HP: 58/58 MP: 4/4
   331 | D        | Reached XP level 6. HP: 66/66 MP: 5/5
   584 | D        | Found an ornate altar of the Wu Jian Council.
   584 | D        | Found a shimmering blue altar of Sif Muna.
   586 | D        | Found a radiant altar of Vehumet.
   591 | D        | Reached skill level 10 in Fighting
   629 | D        | Killed a gargoyle
   699 | D        | Found Cips's Distillery.
   699 | D        | Found an ancient bone altar of Kikubaaqudgha.
   699 | D        | Found a hazy altar of Hepliaklqana.
   699 | D        | Found a stormy altar of Qazlal.
   699 | D        | Found a hide-covered altar of Uskayaw.
   699 | D        | Found a blossoming altar of Fedhas.
   699 | D        | Found a bloodstained altar of Trog.
   699 | D        | Found an iron altar of Okawaru.
   699 | D        | Found a basalt altar of Yredelemnul.
   699 | D        | Found a glowing golden altar of the Shining One.
   699 | D        | Found a snail-covered altar of Cheibriados.
   699 | D        | Found a sacrificial altar of Ru.
   699 | D        | Found a glowing silver altar of Zin.
   699 | D        | Found a shadowy altar of Dithmenos.
   699 | D        | Found a white marble altar of Elyvilon.
   699 | D        | Noticed a yak
   709 | D        | Killed a yak
   710 | D        | Reached skill level 11 in Axes
   710 | D        | Found an opulent altar of Gozag.
   711 | D        | Found a sparkling altar of Nemelex Xobeh.
   800 | D        | Found a burning altar of Makhleb.
   800 | D        | Found a viscous altar of Jiyva.
   800 | D        | Found a shimmering altar of Xom.
   800 | D        | Found a corrupted altar of Lugonu.
   800 | D        | Noticed a slime creature
   807 | D        | Killed a slime creature
   807 | D        | Reached *** piety under Trog
   808 | D        | Reached XP level 7. HP: 74/74 MP: 6/6
   966 | D        | Noticed a kobold demonologist
   967 | D        | Noticed a kobold demonologist
   970 | D        | Reached skill level 12 in Axes
   972 | D        | Noticed an ice devil
   977 | D        | Killed a kobold demonologist
   978 | D        | Killed a kobold demonologist
   978 | D        | Reached **** piety under Trog
   979 | D        | Reached skill level 13 in Axes
   979 | D        | Reached XP level 8. HP: 85/85 MP: 7/7
  1371 | D        | Noticed a centaur warrior
  1371 | D        | Noticed a centaur warrior
  1386 | D        | Noticed a deep troll
  1393 | D        | Killed a deep troll
  1394 | D        | Reached skill level 14 in Axes
  1394 | D        | Reached skill level 10 in Armour
  1394 | D        | Reached skill level 1 in Shields
  1545 | D        | Found Douhaoxt's Armour Emporium.
  1553 | D        | Bought a +0 pair of boots for 49 gold pieces
  1553 | D        | Bought a +2 pair of gloves for 181 gold pieces
  1582 | D        | Killed a centaur warrior
  1583 | D        | Reached XP level 9. HP: 83/96 MP: 8/8
  1589 | D        | Killed a centaur warrior
  1589 | D        | Reached ***** piety under Trog
  1590 | D        | Reached skill level 15 in Fighting
  1590 | D        | Reached skill level 15 in Axes
  1771 | D        | Received a gift from Trog
  1923 | D        | Noticed an oklob plant
  1931 | D        | Killed an oklob plant
  1932 | D        | Reached skill level 1 in Stealth
  2316 | D        | Reached skill level 16 in Axes
  2316 | D        | Reached XP level 10. HP: 106/106 MP: 9/9
  2735 | D        | Paralysed by a floating eye for 3 turns
  2824 | D        | Received a gift from Trog
  3030 | D        | Received a gift from Trog
  3061 | D        | Found Zilam's Distillery.
  3061 | D        | Found Jyjoacvo's Antique Weapon Shop.
  3061 | D        | Found Sikazemerch's Magic Scroll Boutique.
  3063 | D        | Found Umase's Assorted Antiques.
  3063 | D        | Found Ymnes's Book Shop.
  3063 | D        | Found Myhaar's Armour Shoppe.
  3063 | D        | Found Bafopn's Distillery.
  3063 | D        | Found Quafuwy's Assorted Antiques.
  3063 | D        | Found Gicipa Woff's Book Shop.
  3063 | D        | Found Omenyon's General Store.
  3065 | D        | Found Vaul's Distillery.
  3066 | D        | Found Rilyis's Distillery.
  3066 | D        | Found Muerug's Jewellery Boutique.
  3067 | D        | Found Isulokh's Jewellery Emporium.
  3076 | D        | Bought the ring of Butiurgh {rPois rF+ Will+ Dex+5 Slay-2}
                  | for 588 gold pieces
  3096 | D        | Bought a potion of invisibility for 80 gold pieces
  3162 | D        | Noticed Sonja
  3170 | D        | Killed Sonja
  3171 | D        | Reached skill level 17 in Axes
  3297 | D        | Killed a deep elf master archer
  3389 | D        | Found Jag Miss's Distillery.
  3390 | D        | Killed a merfolk siren
  3428 | D        | Identified the +4 dagger of Ynumpur {antimagic, *Slow Dex+5
                  | Stlth+}
  3458 | D        | Noticed a shining eye
  3458 | D        | Noticed a shining eye
  3458 | D        | Noticed a shining eye
  3458 | D        | Noticed a shining eye
  3458 | D        | Noticed a shining eye
  3458 | D        | Noticed a shining eye
  3458 | D        | Gained mutation: Armour fits poorly on your strangely
                  | shaped body. [a shining eye]
  3459 | D        | Paralysed by a floating eye for 2 turns
  3459 | D        | Gained mutation: Potions are less effective at restoring
                  | your health. [a shining eye]
  3469 | D        | Gained mutation: Potions cannot restore your health. [a
                  | shining eye]
  3470 | D        | Killed a shining eye
  3470 | D        | Reached ****** piety under Trog
  3471 | D        | Gained mutation: Your spells are a little easier to cast,
                  | but a little less powerful. [a shining eye]
  3473 | D        | Killed a shining eye
  3475 | D        | Killed a shining eye
  3475 | D        | Received a gift from Trog
  3476 | D        | Reached skill level 18 in Axes
  3478 | D        | Gained mutation: You are dopey. (Int -2) [a shining eye]
  3480 | D        | Killed a shining eye
  3481 | D        | Reached skill level 10 in Dodging
  3481 | D        | Reached XP level 11. HP: 117/117 MP: 10/10
  3485 | D        | Killed a shining eye
  3486 | D        | Killed a shining eye
  3692 | D        | Noticed a shining eye
  3692 | D        | Noticed a shining eye
  3692 | D        | Gained mutation: You sometimes lose the ability to read
                  | scrolls when taking damage. [a shining eye]
  3694 | D        | Gained mutation: You do not regenerate when monsters are
                  | visible. [a shining eye]
  3696 | D        | Gained mutation: You occasionally shout uncontrollably at
                  | your foes. [a shining eye]
  3697 | D        | Paralysed by a floating eye for 3 turns
  3700 | D        | Lost mutation: You occasionally shout uncontrollably at
                  | your foes. [a shining eye]
  3702 | D        | Gained mutation: Your body sometimes deteriorates upon
                  | taking damage. [a shining eye]
  3704 | D        | Killed a shining eye
  3704 | D        | Gained mutation: Your magical capacity is low. (-10% MP) [a
                  | shining eye]
  3705 | D        | Reached skill level 19 in Axes
  3705 | D        | Killed a shining eye
  3712 | D        | Found Becokkie's Book Shop.
  3712 | D        | Found Behepama's Assorted Antiques.
  3712 | D        | Found Dausa's Magic Scroll Boutique.
  3712 | D        | Found Moheaqex's Jewellery Emporium.
  3720 | D        | Bought a scroll of blinking for 82 gold pieces
  3811 | D        | Received a gift from Trog
  3992 | D        | Killed the 27-headed Lernaean hydra
  4201 | D        | Noticed a lindwurm
  4208 | D        | Killed a lindwurm
  4209 | D        | Reached skill level 20 in Axes
  4241 | D        | Received a gift from Trog
  4241 | D        | Found the +14 obsidian axe {vorpal, Mesm Drain Fly SInv}
  4273 | D        | Received a gift from Trog
  4475 | D        | Noticed a 12-headed hydra
  4479 | D        | Paralysed by a floating eye for 4 turns
  4482 | D        | HP: 5/181 [15-headed hydra (11)]
  4482 | D        | HP: 1/181 [15-headed hydra (3)]
  4482 | D        | Slain by a 15-headed hydra

Illustrated notes

Levels and vault maps discovered:
D:        dungeon_sprint_1 [red_sonja_temple_1, red_sonja_temple_small_1]

Skill      XL: |  1  2  3  4  5  6  7  8  9 10 11 |
---------------+----------------------------------+-----
Fighting       | 5 7 9 11 12 14 15 17 18 | 18.6
Axes           | 5 7 10 11 13 14 16 18 20 | 20.9
Armour         | 3 4 5 7 9 11 12 13 | 13.8
Dodging        | 3 4 5 6 7 8 9 10 | 10.2
Shields        | 1 2 4 |  4.8
Stealth        | 1 2 |  2.7

Action                   |  1- 3 |  4- 6 |  7- 9 | 10-12 || total
-------------------------+-------+-------+-------+-------++-------
Melee: Hand axe          |    12 |    21 |    50 |    20 ||   103
       Headbutt          |       |     3 |    12 |    23 ||    38
       Executioner's axe |       |       |       |    97 ||    97
       Broad axe         |       |       |       |     3 ||     3
Invok: Berserk           |     2 |     3 |     6 |     5 ||    16
  Use: Scroll            |       |       |       |     2 ||     2
Armor: Scale mail        |       |     2 |    14 |    53 ||    69
Dodge: Dodged            |     4 |     5 |    17 |    71 ||    97
Block: Other             |       |       |     8 |    23 ||    31
       Reflection        |       |       |     2 |       ||     2
